[Event "Early-Titled-Tuesday-Blitz-February-27-2024"]
[Site "Chess.com"]
[Date "2024.02.27"]
[Round "7"]
[White "GlavkonVVS"]
[Black "romulocardoso"]
[Result "0-1"]
[WhiteElo "2526"]
[BlackElo "2351"]
[TimeControl "180+1"]
[EndTime "9:16:03 PST"]
[Termination "romulocardoso won by resignation"]

1. c4 c5 2. Nc3 Nc6 3. g3 g6 4. Bg2 Bg7 5. Nf3 e6 6. O-O Nge7 7. d3 O-O 8. a3 d5 9. Bd2 a6 10. Rb1 h6 11. b4 cxb4 12. axb4 Rb8 13. b5 axb5 14.
Rxb5 dxc4 15. dxc4 Nd4 16. Nxd4 Qxd4 17. Bf4 Ra8 18.
Qxd4 Bxd4 19. Bxb7 Bxb7 20. Rxb7 Bxc3 21. Rxe7 g5 22. Be3 Rfc8 23. Rc1 Bb4 24. Rb7 Ba3 25. Rc2 Bd6 26. c5 Bf8 27. c6 Ra6 28. Rb6 Rxb6 29.
Bxb6 Bd6 30. e4 e5 31. c7 Kf8 32. Rc6 Ke7 33. Kg2 Kd7 34. Rc4 Bxc7 35. Bxc7 Rxc7 36. Rxc7+ Kxc7 37. Kf3 Kd6 38. Kg4 Kc5 39. Kf5 Kd4 40.
h3 f6 41. f3 Ke3 42. Kxf6 Kxf3 43. Kxe5 Kxg3 44. Kd5 g4 45. e5 gxh3 46. e6 h2 47. e7 h1=Q+ 48. Kd6 Qa8 0-1

[Event "Early-Titled-Tuesday-Blitz-February-27-2024"]
[Site "Chess.com"]
[Date "2024.02.27"]
[Round "7"]
[White "AlainBruxelles"]
[Black "talaicito"]
[Result "0-1"]
[WhiteElo "2428"]
[BlackElo "2291"]
[TimeControl "180+1"]
[EndTime "9:16:03 PST"]
[Termination "talaicito won by checkmate"]

1. e4 c5 2. Nf3 d6 3. d4 cxd4 4.
Nxd4 Nf6 5. Nc3 g6 6. g3 Bg4 7. Qd3 Nc6 8. Nxc6 bxc6 9. Bg2 Qc8 10. O-O Bg7 11. e5 dxe5 12. Qc4 Bd7 13. Be3 O-O 14. Rad1 Rb8 15. b3 a5 16. Na4 Nd5 17. Bc5 Be6 18.
Qe2 Re8 19. c4 Qa6 20. Rfe1 Nb4 21. a3 Nd5 22. cxd5 Qxe2 23. Rxe2 cxd5 24. Bxd5 Bxd5 25. Rxd5 Rxb3 26. Red2 f5 27. Rd8 Kf7 28. R8d7 Bf6 29.
Ra7 e4 30. Rxa5 Rc8 31. Ra7 h5 32. Rdd7 Re8 33. Nb6 h4 34. gxh4 Bxh4 35. Nd5 Rd3 36. Nf4 Rxd7 37. Rxd7 Rc8 38. Bb4 Rc2 39. Nh3 f4 40.
Rd2 Rc1+ 41. Kg2 f3# 0-1

[Event "Early-Titled-Tuesday-Blitz-February-27-2024"]
[Site "Chess.com"]
[Date "2024.02.27"]
[Round "7"]
[White "JaackCamel"]
[Black "KorolDimitriy75"]
[Result "1-0"]
[WhiteElo "2211"]
[BlackElo "2406"]
[TimeControl "180+1"]
[EndTime "9:16:03 PST"]
[Termination "JaackCamel won on time"]

1. d4 Nf6 2. c4 c5 3. d5 b5 4.
cxb5 a6 5. bxa6 g6 6. Nc3 Bxa6 7. e4 Bxf1 8. Kxf1 d6 9. g3 Bg7 10. Kg2 O-O 11. Nf3 Nbd7 12. a4 Qb8 13. Qe2 Qb4 14. Bd2 Rfb8 15. Rhe1 Nb6 16. b3 Qa5 17. Nb5 Qa6 18. Rec1 Ne8 19. Rab1 Nc7 20. Bc3 Nxb5 21. axb5 Qa3 22. Bxg7 Kxg7 23. e5 Nxd5 24. exd6 exd6 25.
Qc4 Nf6 26. Rd1 d5 27. Rxd5 Nxd5 28. Qxd5 Qa7 29. Qe5+ Kg8 30. Ng5 Re8 31. Qd5 Rad8 32. Qc4 Rd4 33. Qc2 Qb7+ 34. Nf3 Rd5 35. Qc3 Rf5 36.
Rd1 Qxb5 37. Nh4 Qc6+ 38. Kg1 Rfe5 39. Ng2 Rd5 40. Rc1 Qd6 41. Ne3 Rd3 42. Qc4 Qd4 43. Qb5 Rdxe3 44. fxe3 Qxe3+ 45. Kg2 Qd2+ 46. Kh3 Re2 47.
Qb8+ Kg7 48. Rh1 1-0

[Event "Early-Titled-Tuesday-Blitz-February-27-2024"]
[Site "Chess.com"]
[Date "2024.02.27"]
[Round "7"]
[White "Shuvalov"]
[Black "chipmunknau"]
[Result "0-1"]
[WhiteElo "2507"]
[BlackElo "2735"]
[TimeControl "180+1"]
[EndTime "9:16:05 PST"]
[Termination "chipmunknau won by resignation"]

1. d4 Nf6 2. c4 e6 3. Nc3 Bb4 4. e3 O-O 5. a3 Bxc3+ 6. bxc3 d6 7. Ne2 Qe7 8. Ng3 c5 9. e4 Nc6 10. Bg5 h6 11. h4 e5 12. d5 Na5 13. Be3 b6 14. Bd3 Kh7 15. f3 g6 16. Qe2 Re8 17.
Rb1 Ng8 18. h5 g5 19. Nf5 Bxf5 20. exf5 Nf6 21. Be4 Qd7 22. Rb5 a6 23. Rxb6 Reb8 24. Rxb8 Rxb8 25. Kf2 Qa4 26. Bd3 Qxa3 27. Kg3 Rb2 28.
Qd1 Qa2 29. Qf1 Qb3 30. Qc1 Qa2 31. Rh2 Nb3 32. Qe1 Nd2 33. Bxd2 Rxd2 34. Be4 Qb2 35. Qa1 Qxa1 0-1

[Event "Early-Titled-Tuesday-Blitz-February-27-2024"]
[Site "Chess.com"]
[Date "2024.02.27"]
[Round "7"]
[White "LLariMarc"]
[Black "DrCeltic"]
[Result "1-0"]
[WhiteElo "2400"]
[BlackElo "2583"]
[TimeControl "180+1"]
[EndTime "9:16:06 PST"]
[Termination "LLariMarc won by checkmate"]

1. d4 d5 2. Nf3 Nf6 3. Bg5 Ne4 4. Nbd2 Nxg5 5. Nxg5 h6 6. Ngf3 Bf5 7. e3 e6 8. Rc1 Be7 9. c4 dxc4 10. Bxc4 O-O 11. O-O Nd7 12. Qe2 Nb6 13. Bd3 Bg4 14. h3 Bxf3 15.
Nxf3 c6 16. Rfd1 Nd5 17. a3 Rc8 18. Bc4 Nf6 19. Qd3 Qb6 20. Qb3 Qc7 21. Rc2 Rfd8 22. Rdc1 Bd6 23. Bf1 Qe7 24. Qa4 Bb8 25. b4 a6 26. Qb3 Ne4 27. Nd2 Qd6 28. f4 Nf6 29. Nc4 Qc7 30. g3 Ne4 31. Kh2 h5 32. Bg2 Nf6 33.
Ne5 Qe7 34. a4 h4 35. g4 Nd5 36. b5 axb5 37. axb5 Bxe5 38. fxe5 Rb8 39. Rf2 cxb5 40.
Rcf1 Rbc8 41. Rxf7 Qxf7 42. Rxf7 Kxf7 43. Qxb5 Nxe3 44.
Qxb7+ Kg8 45. Qe7 Nxg2 46. Qxe6+ Kh8 47. Kxg2 Rc2+ 48. Kf3 Rc3+ 49. Ke4 Rxh3 50. Qf7 Rh1 51. Qh5+ Kg8 52. g5 Re1+ 53. Kf5 Rxd4 54. Qe8+ Kh7 55.
g6+ Kh6 56. Qh8# 1-0

[Event "Early-Titled-Tuesday-Blitz-February-27-2024"]
[Site "Chess.com"]
[Date "2024.02.27"]
[Round "7"]
[White "Zheenbekov86"]
[Black "mary-sanna"]
[Result "1-0"]
[WhiteElo "2422"]
[BlackElo "2180"]
[TimeControl "180+1"]
[EndTime "9:16:07 PST"]
[Termination "Zheenbekov86 won by checkmate"]

1. Nf3 d5 2. g3 Nf6 3. Bg2 Bf5 4.
O-O e6 5. d3 c5 6. Nbd2 Be7 7.
Re1 O-O 8. e4 Bg6 9. Qe2 Nc6 10.
c3 h6 11. h3 Rb8 12. a4 a6 13.
Nh4 Bh7 14. f4 b5 15. axb5 axb5 16. f5 exf5 17. Nxf5 Bxf5 18. exf5 Bd6 19. Qf3 Re8 20. Rxe8+ Qxe8 21. Nf1 b4 22. Bf4 Bxf4 23. Qxf4 bxc3 24. bxc3 Rb3 25. Qd2 Qe5 26. Ra6 Nb8 27. Ra8 Qxf5 28.
Qa2 Rb7 29. Ne3 Qe5 30. Nxd5 Qe1+ 31. Kh2 Rb1 32. Nxf6+ gxf6 33. h4 Qg1+ 34. Kh3 h5 35. Ra7 Qd1 36. Qxf7+ Kh8 37. Qg7# 1-0

[Event "Early-Titled-Tuesday-Blitz-February-27-2024"]
[Site "Chess.com"]
[Date "2024.02.27"]
[Round "7"]
[White "NowInChess"]
[Black "abeljusto"]
[Result "1-0"]
[WhiteElo "2256"]
[BlackElo "2095"]
[TimeControl "180+1"]
[EndTime "9:16:08 PST"]
[Termination "NowInChess won on time"]

1. e4 c5 2. d3 Nc6 3. g3 e6 4.
Bg2 d6 5. f4 Be7 6. Nf3 a6 7.
a4 b6 8. O-O Bb7 9. Nc3 Rc8 10.
Qe2 Qc7 11. Be3 Nf6 12. h3 O-O 13. Bf2 d5 14. e5 Nd7 15. Rae1 Rfd8 16. f5 Nf8 17. g4 d4 18. Ne4 Nxe5 19. Nxe5 Qxe5 20. Bg3 Qd5 21. Nf6+ Bxf6 22. Bxd5 Bxd5 23. h4 exf5 24. Rxf5 Be6 25. Rxf6 gxf6 26. Qf2 Nd7 27. g5 fxg5 28. hxg5 Nf8 29. Be5 Ng6 30. Bf6 Rd5 31. Qh2 Kf8 32.
Qxh7 Ke8 33. Rxe6+ fxe6 34. Qxg6+ Kd7 35. Qf7+ Kc6 36.
Qxe6+ 1-0

[Event "Early-Titled-Tuesday-Blitz-February-27-2024"]
[Site "Chess.com"]
[Date "2024.02.27"]
[Round "7"]
[White "burbur555"]
[Black "AniJak"]
[Result "1-0"]
[WhiteElo "2561"]
[BlackElo "2377"]
[TimeControl "180+1"]
[EndTime "9:16:09 PST"]
[Termination "burbur555 won on time"]

1. c4 e5 2. g3 Nc6 3. Bg2 f5 4. Nc3 Nf6 5. d3 Bb4 6. e3 d5 7. Ne2 d4 8. exd4 exd4 9. a3 dxc3 10. axb4 Ne5 11. O-O Qxd3 12. Qxd3 Nxd3 13. Nxc3 O-O 14. b5 f4 15. gxf4 Nh5 16. Nd5 Nhxf4 17. Bxf4 Nxf4 18.
Nxc7 Rb8 19. Rxa7 Bf5 20. Rxb7 Rbc8 21. Nd5 Rxc4 22. Ne7+ Kh8 23. Nxf5 Ne2+ 24. Kh1 Rf4 25. Ne3 h6 26. b6 Rxf2 27. Rxf2 Rxf2 28. Rb8+ Kh7 29. b7 Nf4 30. Rh8+ 1-0

[Event "Early-Titled-Tuesday-Blitz-February-27-2024"]
[Site "Chess.com"]
[Date "2024.02.27"]
[Round "7"]
[White "DonCiao"]
[Black "IsaqueGoncalvesSanto"]
[Result "1-0"]
[WhiteElo "2095"]
[BlackElo "1757"]
[TimeControl "180+1"]
[EndTime "9:16:09 PST"]
[Termination "DonCiao won by checkmate"]

1. c4 e6 2. g3 d5 3. Bg2 c6 4. Nf3 Nf6 5. O-O dxc4 6. a4 b5 7. axb5 cxb5 8. Ne5 Nd5 9. b3 cxb3 10. Qxb3 a6 11. Nc3 Bb7 12. Nxb5 Qb6 13. Qf3 f6 14. Qh5+ g6 15. Nxg6 hxg6 16. Qxg6+ Kd7 17. e4 axb5 18.
Rxa8 Bxa8 19. exd5 Bxd5 20. Qxf6 Rh5 21. Qxf8 Bxg2 22.
Kxg2 Qc6+ 23. Kg1 Na6 24. Qf7+ Kd6 25. Qxh5 Nc5 26. d4 Ne4 27. Bf4+ Kd7 28. Qf7+ Kc8 29. Rc1 Nc3 30. Qf8+ Kb7 31. Qb8+ Ka6 32. Ra1+ Na4 33. Bc7 b4 34. Rxa4+ Qxa4 35. Qb6# 1-0

[Event "Early-Titled-Tuesday-Blitz-February-27-2024"]
[Site "Chess.com"]
[Date "2024.02.27"]
[Round "7"]
[White "Aslanov_Umid"]
[Black "AryanTari"]
[Result "0-1"]
[WhiteElo "2673"]
[BlackElo "2930"]
[TimeControl "180+1"]
[EndTime "9:16:11 PST"]
[Termination "AryanTari won by resignation"]

1. e4 e5 2. Nf3 Nc6 3. Bc4 Nf6 4. d3 Bc5 5. c3 d6 6. O-O a5 7. Nbd2 O-O 8. h3 h6 9. Re1 Be6 10. Bb5 Bb6 11. Nf1 Ne7 12. d4 exd4 13. cxd4 d5 14. e5 Ne4 15. Bd3 Nf5 16. Be3 f6 17.
Qc2 fxe5 18. Bxe4 dxe4 19. Qxe4 Bd5 20. Qxe5 Bxf3 21. gxf3 Bxd4 22. Qe6+ Kh8 23. Rad1 Qh4 24. Qe4 Bxe3 25. Qxh4 Nxh4 26. Rxe3 Nxf3+ 27. Kg2 Nh4+ 28. Kg1 Ra6 29. Ng3 Rc6 30. Rc3 Rxc3 31. bxc3 Rf3 32.
Rc1 Rd3 33. Rb1 b6 34. c4 Rc3 35. Ne2 Rxc4 36. a3 a4 37. Rd1 b5 38. Rd8+ Kh7 39.
f4 Ng6 40. f5 Nh4 41. f6 gxf6 42. Kf2 Nf5 43. Kf3 Nh4+ 44. Kg3 Ng6 45. h4 h5 46.
Rd7+ Kh6 47. Kf3 Ne5+ 48. Ke3 Nxd7 49. Nd4 Rxd4 50. Kxd4 f5 0-1

[Event "Early-Titled-Tuesday-Blitz-February-27-2024"]
[Site "Chess.com"]
[Date "2024.02.27"]
[Round "7"]
[White "Chessdreamer2020"]
[Black "Zampronha1971"]
[Result "1-0"]
[WhiteElo "2528"]
[BlackElo "2349"]
[TimeControl "180+1"]
[EndTime "9:16:11 PST"]
[Termination "Chessdreamer2020 won on time"]

1. e4 c5 2. Nf3 e6 3. b3 d5 4. Bb5+ Nc6 5. Bxc6+ bxc6 6. e5 Ne7 7. d3 a5 8. a4 Ba6 9. c4 Rb8 10. Nbd2 Nf5 11.
O-O Be7 12. Bb2 O-O 13. Re1 Nh4 14. Nxh4 Bxh4 15. g3 Be7 16. Bc3 Qc7 17. Qg4 Rfd8 18. Rab1 Bf8 19. h4 g6 20. Nf3 Bg7 21. Qf4 Rb7 22. h5 Rdb8 23. Nd2 Qd8 24. Kg2 Rd7 25. Rh1 dxc4 26. dxc4 Rd3 27. hxg6 hxg6 28. Ne4 Rxc3 29. Nxc3 Qd3 30. Ne4 Rxb3 31. Nxc5 1-0

[Event "Early-Titled-Tuesday-Blitz-February-27-2024"]
[Site "Chess.com"]
[Date "2024.02.27"]
[Round "7"]
[White "TigrVShlyape"]
[Black "Fonsofan"]
[Result "1-0"]
[WhiteElo "2874"]
[BlackElo "2736"]
[TimeControl "180+1"]
[EndTime "9:16:12 PST"]
[Termination "TigrVShlyape won on time"]

1. d4 f5 2. Nc3 Nf6 3. Bg5 c6 4. e3 d5 5. Bd3 e6 6. Nf3 Bd6 7. O-O Nbd7 8. Ne2 O-O 9. c4 Qe7 10. Rc1 h6 11. Bf4 g5 12. Bxd6 Qxd6 13. cxd5 cxd5 14.
Qc2 Ne4 15. Qc7 Qxc7 16. Rxc7 Nd6 17. Rfc1 Rd8 18. Ne5 Kf8 19. f4 g4 20. h3 Nxe5 21. fxe5 Ne8 22. Rh7 gxh3 23. gxh3 Bd7 24. Nf4 Rac8 25.
Rxc8 Bxc8 26. Be2 Ng7 27. Rxh6 Kf7 28. h4 Bd7 29. Rf6+ Kg8 30. h5 Rf8 31. Rg6 Kh7 32. h6 Ne8 33. Kh2 Rg8 34. Bh5 Rxg6 35. Bxg6+ Kxh6 36. Bxe8 Bxe8 37. Nxe6 f4 38. Nxf4 Kg5 39. Kg3 Kf5 40.
Kf3 Bc6 41. e4+ dxe4+ 42. Ke3 b6 43. Ne2 Bb7 44. Ng3+ Ke6 45. Nxe4 Kd5 46. b3 Bc6 47. Nc3+ Ke6 48. Kf4 1-0

[Event "Early-Titled-Tuesday-Blitz-February-27-2024"]
[Site "Chess.com"]
[Date "2024.02.27"]
[Round "7"]
[White "wild3000"]
[Black "GoValya"]
[Result "1-0"]
[WhiteElo "2446"]
[BlackElo "2277"]
[TimeControl "180+1"]
[EndTime "9:16:13 PST"]
[Termination "wild3000 won by checkmate"]

1. d4 Nf6 2. e3 d5 3. Nf3 g6 4. c4 Bg7 5. Nc3 c6 6. Be2 dxc4 7. Bxc4 O-O 8. O-O Nbd7 9. a3 b5 10. Be2 Bb7 11. b4 Nb6 12. Bb2 Bc8 13. Rc1 Be6 14.
Ne5 Rc8 15. f4 Nc4 16. Nxc4 Bxc4 17. Bxc4 bxc4 18. Qe2 Nd5 19. Rfe1 Nxe3 20. Ne4 Nd5 21. g3 c3 22. Nxc3 Bxd4+ 23. Kh1 Bf6 24. Ne4 Bxb2 25. Qxb2 Qd7 26. Rcd1 Qg4 27. Qf2 Rfd8 28. Kg2 Ne3+ 29. Rxe3 Rxd1 30. h3 Qd7 31. g4 Qd5 32. Kg3 f5 33.
Ng5 Qh1 34. gxf5 Rg1+ 35. Kh4 gxf5 36. Qa2+ Kf8 37. Qf7# 1-0

[Event "Early-Titled-Tuesday-Blitz-February-27-2024"]
[Site "Chess.com"]
[Date "2024.02.27"]
[Round "7"]
[White "deepfear"]
[Black "Ishowmoves57"]
[Result "0-1"]
[WhiteElo "1977"]
[BlackElo "2164"]
[TimeControl "180+1"]
[EndTime "9:16:13 PST"]
[Termination "Ishowmoves57 won on time"]

1. e4 c5 2. Nc3 b6 3. f4 Bb7 4. Nf3 Nf6 5. Bc4 d5 6. Bb5+ Bc6 7. e5 Ne4 8. Nxe4 Bxb5 9. Nc3 Bc6 10. d3 e6 11. O-O Be7 12. a4 a6 13.
Qe2 Nd7 14. Bd2 Nf8 15. h3 h5 16. Nh2 Ng6 17. f5 exf5 18. Rxf5 Qd7 19. Raf1 Rf8 20.
Qxh5 d4 21. Ne4 Bxe4 22. dxe4 Qe6 23. Qf3 Nh4 24. Qf2 Nxf5 25. exf5 Qxe5 26. Ng4 Qc7 27. Re1 O-O-O 28. Qf3 Kb8 0-1

[Event "Early-Titled-Tuesday-Blitz-February-27-2024"]
[Site "Chess.com"]
[Date "2024.02.27"]
[Round "7"]
[White "carlocapau"]
[Black "PawnEatingZombie"]
[Result "1-0"]
[WhiteElo "2467"]
[BlackElo "2172"]
[TimeControl "180+1"]
[EndTime "9:16:14 PST"]
[Termination "carlocapau won by checkmate"]

1. d4 Nf6 2. c4 g6 3. f3 Bg7 4.
e4 d6 5. Nc3 Nc6 6. Nge2 a6 7.
Be3 Na5 8. Ng3 b5 9. cxb5 axb5 10. Bxb5+ Bd7 11. Bd3 O-O 12. O-O c6 13. b4 Nb7 14.
Qd2 Ra3 15. Rfb1 Qa8 16. Nge2 Rb8 17. Bc4 Nd8 18. e5 Ne8 19. f4 Bf5 20. Rb3 d5 21.
Rxa3 Qxa3 22. Bb3 Rxb4 23. Rf1 Ne6 24. h3 h5 25. Kh2 N8c7 26. Rg1 Qa6 27. g4 hxg4 28.
hxg4 Bd3 29. Nc1 Bc4 30. f5 Nf8 31. Bh6 Bxb3 32. Nxb3 Nb5 33. Bxg7 Kxg7 34. Nc5 Qa5 35. Nxb5 Qxb5 36. Rg2 Qc4 37. f6+ exf6 38. exf6+ Kxf6 39. Qf4+ Kg7 40. Rf2 f5 41. Qe5+ Kh6 42. Qh8+ Nh7 43. Ne6 Qd3 44. Qg7# 1-0

[Event "Early-Titled-Tuesday-Blitz-February-27-2024"]
[Site "Chess.com"]
[Date "2024.02.27"]
[Round "7"]
[White "Chessmissile07"]
[Black "AttackSparrow"]
[Result "1-0"]
[WhiteElo "2888"]
[BlackElo "2645"]
[TimeControl "180+1"]
[EndTime "9:16:16 PST"]
[Termination "Chessmissile07 won by resignation"]

1. a3 Nf6 2. Nf3 b6 3. d4 Bb7 4. Bf4 g6 5. e3 Bg7 6. h3 O-O 7. Bd3 d6 8. O-O Nbd7 9. Bh2 c5 10. c4 cxd4 11. exd4 d5 12. Nc3 Rc8 13. cxd5 Nxd5 14. Rc1 Nxc3 15. bxc3 Bxf3 16. Qxf3 e5 17. Ba6 Rc7 18.
Rfe1 Qe7 19. c4 Qd6 20. Rcd1 Qc6 21. Qxc6 Rxc6 22. dxe5 Nc5 23. Bb5 Rcc8 24. Bd7 Nxd7 25. Rxd7 Rxc4 26. Rxa7 Rfc8 27. Bg3 Bf8 28. e6 fxe6 29.
Rxe6 Rc3 30. a4 Bc5 31. Be5 Rc1+ 32. Kh2 Re1 33. Rg7+ Kf8 34. Rxh7 Rxe5 35. Rxe5 Bd6 36. Rh8+ Kf7 37. Rxc8 Bxe5+ 38. g3 1-0

[Event "Early-Titled-Tuesday-Blitz-February-27-2024"]
[Site "Chess.com"]
[Date "2024.02.27"]
[Round "7"]
[White "betta2004"]
[Black "Vaathi_Coming"]
[Result "0-1"]
[WhiteElo "2585"]
[BlackElo "2897"]
[TimeControl "180+1"]
[EndTime "9:16:16 PST"]
[Termination "Vaathi_Coming won by resignation"]

1. e4 e6 2. d4 d5 3. Bd3 dxe4 4. Bxe4 Nf6 5. Bf3 Be7 6. Ne2 O-O 7. O-O c5 8. Nbc3 Qa5 9. Bf4 Rd8 10. Qe1 cxd4 11. Nd5 Qxe1 12. Nxe7+ Kf8 13. Rfxe1 Kxe7 14. Rad1 d3 15. Ng3 Nc6 16. Rxd3 Rxd3 17. cxd3 Nd4 18. Be4 Nxe4 19. Rxe4 Nc6 20. Rc4 e5 21. Be3 Be6 22. Rh4 h6 23. Bc5+ Kd7 24. Ra4 a5 25. Bb6 Ra6 26.
Bc5 b6 27. Bf8 b5 28. Re4 g6 29. Bxh6 Bxa2 30. Re1 f5 31. Bg7 a4 32. Ne2 b4 33.
Nc1 Bf7 34. Bxe5 Nxe5 35. Rxe5 Rc6 36. Re1 Rc2 37. d4 Bc4 38. h4 Rxb2 39. Kh2 a3 40.
Re5 Rc2 41. Rc5 Rxc1 0-1

[Event "Early-Titled-Tuesday-Blitz-February-27-2024"]
[Site "Chess.com"]
[Date "2024.02.27"]
[Round "7"]
[White "Boundless_Strike"]
[Black "IM_ArthurDW08"]
[Result "1-0"]
[WhiteElo "2632"]
[BlackElo "2821"]
[TimeControl "180+1"]
[EndTime "9:16:18 PST"]
[Termination "Boundless_Strike won by resignation"]

1. d4 Nf6 2. f3 c5 3. d5 e6 4. c4 exd5 5. cxd5 d6 6. Nc3 g6 7. e4 Bg7 8. Bg5 O-O 9. Qd2 a6 10. a4 h6 11. Be3 Re8 12. Bd3 Nbd7 13. Nge2 Ne5 14. O-O h5 15. b3 b6 16. Bc2 Bd7 17. h3 b5 18. f4 b4 19. Nd1 Neg4 20. hxg4 Nxg4 21. Nf2 Nxe3 22. Qxe3 Bxa1 23. Rxa1 Qf6 24. Re1 Rac8 25. Bd3 c4 26. Bxc4 Bxa4 27. Bxa6 Ra8 28.
Bc4 Bd7 29. Nd4 Ra2 30. e5 dxe5 31. fxe5 Rxe5 32. Ne4 Qh4 33. Nf3 Qg4 34. Nf6+ Kg7 35. Nxg4 1-0

[Event "Early-Titled-Tuesday-Blitz-February-27-2024"]
[Site "Chess.com"]
[Date "2024.02.27"]
[Round "7"]
[White "UK_23"]
[Black "ImportedItalianMaple"]
[Result "0-1"]
[WhiteElo "2362"]
[BlackElo "2553"]
[TimeControl "180+1"]
[EndTime "9:16:18 PST"]
[Termination "ImportedItalianMaple won by resignation"]

1. e4 g6 2. d4 Bg7 3. Nf3 c6 4. c3 d5 5. Nbd2 Bg4 6. h3 Bxf3 7. Qxf3 e6 8. Bd3 Nf6 9. O-O O-O 10. Re1 a5 11. a4 Na6 12. g3 c5 13. Bxa6 Rxa6 14.
dxc5 Qc8 15. exd5 exd5 16. Kg2 Qxc5 17. Nb3 Qc4 18. Nd4 Ne4 19. Be3 Re8 20. Nb5 Rf6 21.
Qe2 Qxe2 22. Rxe2 Nxf2 23. Rxf2 Rxe3 24. Rd1 Re5 25. Rfd2 Rff5 26. g4 Rg5 27. Kf3 h5 28.
Nc7 hxg4+ 29. hxg4 Re4 30. Rxd5 Rgxg4 31. Rd8+ Kh7 32.
Rh1+ Bh6 33. Ne8 Ref4+ 34. Ke2 Rg2+ 35. Kd1 Rxa4 36. Ke1 Ra1+ 37. Rd1 Ra2 38. Nf6+ Kg7 39. Ne8+ Kf8 40. Rxh6 Kxe8 41. Rh8+ Ke7 42. Kf1 Raxb2 43.
Re1+ Kf6 44. Rd1 Rbf2+ 45. Ke1 Rg1+ 46. Kxf2 Rxd1 47. Ke2 Rb1 48. Ra8 b6 49. Kd3 g5 50.
Rg8 Kf5 51. Kc4 f6 52. Kd5 g4 53. Rg7 Kf4 54. Ke6 f5 55. Rg6 g3 56. Rg7 Kf3 57.
Kxf5 g2 0-1

[Event "Early-Titled-Tuesday-Blitz-February-27-2024"]
[Site "Chess.com"]
[Date "2024.02.27"]
[Round "7"]
[White "bulletteemo"]
[Black "Batica1984"]
[Result "0-1"]
[WhiteElo "2560"]
[BlackElo "2754"]
[TimeControl "180+1"]
[EndTime "9:16:20 PST"]
[Termination "Batica1984 won by resignation"]

1. e4 c5 2. Nf3 e6 3. d4 cxd4 4. Nxd4 Nc6 5. Nc3 Qc7 6. Be3 a6 7. a3 b5 8. Nxc6 Qxc6 9. Be2 Bb7 10. O-O Rc8 11. Bf3 Qc7 12. e5 Ne7 13. Re1 Ng6 14.
Bxb7 Qxb7 15. Bd4 Be7 16. Ne4 O-O 17. c3 Qd5 18. Ng3 d6 19. exd6 Bxd6 20. Ne4 Be7 21. Qf3 Rfd8 22. Rad1 Qb3 23. Rb1 h6 24. h3 Rd7 25.
Ng3 Qd5 26. Qe2 Rcd8 27. Nh5 Bf8 28. Be3 Qf5 29. Ng3 Qd3 30. Qf3 Ne5 31. Qh5 Nc4 32.
Bd4 Rd5 33. Qh4 e5 34. Qe4 Qxe4 35. Be3 Qc2 0-1

[Event "Early-Titled-Tuesday-Blitz-February-27-2024"]
[Site "Chess.com"]
[Date "2024.02.27"]
[Round "7"]
[White "ljuks68"]
[Black "pfalcon1949"]
[Result "1-0"]
[WhiteElo "2415"]
[BlackElo "1899"]
[TimeControl "180+1"]
[EndTime "9:16:20 PST"]
[Termination "ljuks68 won on time"]

1. e4 e6 2. d4 d5 3. Nc3 Bb4 4. e5 Ne7 5. a3 Bxc3+ 6. bxc3 c5 7. h4 Qc7 8. h5 h6 9. Rb1 b6 10. Qg4 Kf8 11. Qd1 Bd7 12. Nf3 Ba4 13. dxc5 Qxc5 14. Bd2 Nd7 15. Bd3 Rc8 16. O-O Nc6 17. Qe2 Na5 18.
Nd4 Kg8 19. Qg4 Nc4 20. Bc1 Ndxe5 21. Qg3 Qc7 22. Bf4 Bd7 23. Bxc4 Qxc4 24. Bxe5 Rh7 25. Rb3 Kf8 26. Bd6+ Ke8 27. Nf3 Qe4 28. Ne5 Qxc2 29.
Rfb1 Qf5 30. Nxd7 Kxd7 31. Bb8 Rc6 32. Bxa7 1-0

[Event "Early-Titled-Tuesday-Blitz-February-27-2024"]
[Site "Chess.com"]
[Date "2024.02.27"]
[Round "7"]
[White "FairChess_on_YouTube"]
[Black "Sanan_Sjugirov"]
[Result "1-0"]
[WhiteElo "3116"]
[BlackElo "2975"]
[TimeControl "180+1"]
[EndTime "9:16:22 PST"]
[Termination "FairChess_on_YouTube won on time"]

1. d4 Nf6 2. c4 e6 3. Nf3 d5 4.
g3 Be7 5. Bg2 O-O 6. O-O dxc4 7.
Qa4 a6 8. Qxc4 b5 9. Qc2 Bb7 10. Bd2 Be4 11. Qc1 c6 12. Rd1 Nbd7 13. Bf4 Rc8 14.
Nbd2 Bg6 15. Nb3 Qb6 16. Ne5 Nxe5 17. dxe5 Nd5 18. Bg5 Bxg5 19. Qxg5 h6 20. Qg4 Rfd8 21. Rac1 c5 22. Bxd5 exd5 23. e6 c4 24. Nd4 Re8 25. Rc3 Kh7 26. Re3 fxe6 27. Nxe6 Qd6 28. Nf4 Rxe3 29. Qxc8 Re7 30. Rxd5 Qf6 31. Rd8 1-0

[Event "Early-Titled-Tuesday-Blitz-February-27-2024"]
[Site "Chess.com"]
[Date "2024.02.27"]
[Round "7"]
[White "Elsa167"]
[Black "DenLaz"]
[Result "1-0"]
[WhiteElo "2901"]
[BlackElo "3018"]
[TimeControl "180+1"]
[EndTime "9:16:22 PST"]
[Termination "Elsa167 won by resignation"]

1. d4 f5 2. Nc3 Nf6 3. Bg5 d5 4. Bxf6 exf6 5. e3 Be6 6. Bd3 Qd7 7. Nge2 Nc6 8. a3 Ne7 9. b3 g6 10. Na4 b6 11. c4 Bh6 12. O-O O-O 13. c5 Rad8 14. b4 Bg5 15. f4 Bh6 16. Nac3 g5 17. a4 Kh8 18. a5 Rg8 19. axb6 axb6 20. Qa4 Qc8 21. Qa6 Nc6 22. Qxc8 Bxc8 23. Rfb1 gxf4 24.
exf4 Bf8 25. Na4 bxc5 26. Nxc5 Ne7 27. Ra7 Ng6 28. Rxc7 Bd6 29. Ra7 Nxf4 30. Nxf4 Bxf4 31. Kf2 Bxh2 32. Rh1 Bg3+ 33. Kf3 Rg4 34. Raxh7+ Kg8 35. Rh8+ 1-0

[Event "Early-Titled-Tuesday-Blitz-February-27-2024"]
[Site "Chess.com"]
[Date "2024.02.27"]
[Round "7"]
[White "Susal_De_Silva"]
[Black "alexrustemov"]
[Result "1/2-1/2"]
[WhiteElo "2626"]
[BlackElo "2834"]
[TimeControl "180+1"]
[EndTime "9:16:22 PST"]
[Termination "Game drawn by repetition"]

1. Nf3 d5 2. e3 Nf6 3. c4 c6 4. Nc3 a6 5. b3 Bf5 6. Bb2 e6 7. d4 Nbd7 8. Bd3 Ne4 9. O-O Bd6 10. Ne2 O-O 11. Ne5 Nef6 12. f4 Bxd3 13. Qxd3 Ne4 14. Ng3 Ndf6 15. Nf3 Nxg3 16. hxg3 Ne4 17. g4 Qf6 18. Nd2 Nxd2 19. Qxd2 Qg6 20. Qe2 f5 21. g5 h6 22. gxh6 Qxh6 23. Rf3 Kf7 24. Rh3 Qf6 25. Kf2 Rh8 26. Rah1 Rxh3 27. Rxh3 Qg6 28. a4 Rg8 29. Bc3 Qf6 30. c5 Bc7 31. a5 Bd8 32. Qh5+ Qg6 33. b4 Qxh5 34. Rxh5 Kg6 35. Rh3 Bf6 36. g3 Kf7 37. Kf3 g6 38. Bd2 Rh8 39. Rxh8 Bxh8 40. Be1 Bf6 41. Bc3 g5 42. Bb2 Kg6 43. Bc3 Kh5 44.
Bb2 gxf4 45. exf4 Bg7 46. Bc3 Bf6 47. Bb2 Bg7 48. Bc3 Bf6 49. Bb2 1/2-1/2

[Event "Early-Titled-Tuesday-Blitz-February-27-2024"]
[Site "Chess.com"]
[Date "2024.02.27"]
[Round "7"]
[White "losersgame"]
[Black "GelmanAlexander"]
[Result "0-1"]
[WhiteElo "2517"]
[BlackElo "2723"]
[TimeControl "180+1"]
[EndTime "9:16:22 PST"]
[Termination "GelmanAlexander won on time"]

1. d4 Nf6 2. c4 c5 3. d5 b5 4.
cxb5 a6 5. bxa6 e6 6. Nc3 exd5 7. Nxd5 Nxa6 8. e4 Nxd5 9. Qxd5 Nc7 10. Qh5 Ra4 11. Bd3 Ne6 12. Ne2 g6 13. Qh3 Ba6 14. O-O Bg7 15. Bh6 Bxb2 16. Rab1 Be5 17. Bxa6 Rxa6 18.
f4 Nd4 19. fxe5 Nxe2+ 20. Kh1 Nd4 21. Qg3 Re6 22. Bg7 Rg8 23. Bf6 Qa8 24. Qc3 Rc6 25.
Rb2 d6 26. Rfb1 Kd7 27. Rb7+ Rc7 28. Rxc7+ Kxc7 29. exd6+ Kxd6 0-1

[Event "Early-Titled-Tuesday-Blitz-February-27-2024"]
[Site "Chess.com"]
[Date "2024.02.27"]
[Round "7"]
[White "BeardedNM"]
[Black "GilbertoHernandezAmura"]
[Result "0-1"]
[WhiteElo "2231"]
[BlackElo "2437"]
[TimeControl "180+1"]
[EndTime "9:16:22 PST"]
[Termination "GilbertoHernandezAmura won on time"]

1. e4 e6 2. d4 d5 3. e5 c5 4. c3 Nc6 5. Nf3 Qb6 6. a3 c4 7. Nbd2 Bd7 8. g3 Nge7 9. Bg2 Nc8 10. O-O Qc7 11. Rb1 Na5 12. Ne1 Nb6 13. h4 Ba4 14.
Qg4 O-O-O 15. h5 Kb8 16. Ndf3 Bd7 17. Ng5 Bc8 18. Qf3 Rd7 19. Bf4 Nb3 20. Nc2 Ka8 21.
Qe2 Re7 22. Bh3 Qc6 23. Ne3 f6 24. Nf3 f5 25. Nh4 Re8 26. h6 gxh6 27. Qh5 Rg8 28.
Neg2 Bd7 29. Bxh6 Be7 30. Bf4 Rg7 31. Nf3 Reg8 32. Ngh4 Be8 33. Qh6 Bf8 0-1